AoeStats
← mbulut82

Nomad

509424296Analyzed
4v4 RM · 4d ago on Sep 26, 2026· 61m 23s· 8 players
Game mode
Random Map
Map size
231×231
Population
200
Speed
Normal
Resources
Standard
Victory
Conquest
Starting age
Dark Age
Ending age
Imperial Age
RankedLock teamsTeams togetherTeam positionsShared explorationLock speedFull tech treeHidden civsTurbo modeCheats
Victory
Defeat
🇲🇽 Sicilians · Mexico
786
+14
🇩🇪 Dravidians · Germany
784
+14
🇲🇽 Magyars · Mexico
767
+14
🇮🇹 Bohemians · Italy
696
+17
🇹🇷 Britons · Türkiye
741
-15
🇩🇰 Varangians · Denmark
736
-15
🇹🇷 Bohemians · Türkiye
727
-15
🇨🇭 Danes · Switzerland
713
-14
madnessss86
4:29 Loom
22:17 Feudal Age
24:32 Horse Collar
27:26 Castle Age
28:26 Heavy Plow
31:19 Fletching
31:30 Padded Archer Armor
33:41 Squires
33:28 Gambesons
33:36 Arson
34:04 Town Watch
35:58 Scale Mail Armor
36:10 Forging
37:21 Double-Bit Axe
39:10 Scale Barding Armor
39:42 Iron Casting
44:19 Imperial Age
42:06 Bow Saw
42:01 Caravan
45:34 Gold Mining
45:35 Stone Mining
45:23 Hamask
46:24 Conscription
47:59 Gold Shaft Mining
47:11 Elite Jomsviking
48:35 Chain Mail Armor
49:20 Chain Barding Armor
58:49 Blast Furnace
60:06 Plate Mail Armor
kael9297
5:02 Loom
18:16 Feudal Age
19:47 Wheelbarrow
19:00 Double-Bit Axe
19:00 Fishing Lines
24:26 Arson
28:06 Castle Age
25:59 Horse Collar
27:23 Scale Mail Armor
30:54 Pikeman
31:35 Squires
38:02 Hand Cart
39:40 Wagenburg Tactics
41:06 Gillnets
46:57 Imperial Age
46:05 Ballistics
46:50 Heavy Plow
48:57 Chemistry
49:22 Halberdier
53:46 Elite Hussite Wagon
54:46 Conscription
BlacKHazE.
15:54 Feudal Age
16:12 Loom
mbulut82
4:59 Loom
21:23 Feudal Age
22:46 Wheelbarrow
21:33 Man-at-Arms
21:56 Horse Collar
22:04 Double-Bit Axe
22:13 Gold Mining
22:17 Stone Mining
30:22 Castle Age
28:34 Padded Archer Armor
28:27 Fletching
30:41 Crossbowman
31:41 Leather Archer Armor
31:22 Bodkin Arrow
33:40 Bow Saw
33:34 Heavy Plow
33:53 Hand Cart
36:14 Gold Shaft Mining
35:52 Forging
35:43 Scale Mail Armor
39:10 Iron Casting
41:08 Imperial Age
38:04 Pikeman
38:44 Squires
39:08 Yeomen
41:42 Chain Mail Armor
41:30 Husbandry
43:06 Two-Man Saw
42:17 Capped Ram
45:39 Hoardings
45:25 Conscription
45:01 Town Watch
45:54 Warwolf
46:20 Fortified Wall
46:48 Masonry
55:33 Cavalier
msteinbo
19:19 Feudal Age
19:59 Loom
23:29 Castle Age
21:18 Double-Bit Axe
22:35 Fishing Lines
25:24 Fletching
27:53 Bow Saw
32:37 Gillnets
35:21 Imperial Age
34:25 Murder Holes
38:15 Crossbowman
39:01 Thumb Ring
40:38 Bodkin Arrow
48:09 Chemistry
55:41 Elite Cannon Galleon
60:52 Careening
60:53 Clinker Construction
61:04 Shipwright
61:08 Ballistics
Silver
7:03 Loom
17:06 Feudal Age
18:07 Double-Bit Axe
18:07 Horse Collar
19:22 Wheelbarrow
19:38 Fishing Lines
20:23 Gold Mining
23:41 Castle Age
24:11 Bloodlines
23:59 Stone Mining
24:36 Bow Saw
24:34 Heavy Plow
24:29 Gillnets
24:53 Scale Barding Armor
26:04 Hand Cart
27:14 Chain Barding Armor
27:59 Gold Shaft Mining
31:50 Corvinian Army
32:36 Ballistics
32:13 Murder Holes
32:45 Treadmill Crane
33:15 Arson
38:03 Imperial Age
37:21 Thumb Ring
37:24 Scale Mail Armor
37:14 Fletching
37:25 Padded Archer Armor
38:10 Elite Magyar Huszar
39:15 Conscription
39:50 Plate Barding Armor
41:21 Crop Rotation
42:10 Two-Man Saw
43:14 Chain Mail Armor
42:55 Bodkin Arrow
43:57 Parthian Tactics
46:09 Husbandry
45:30 Light Cavalry
46:31 Recurve Bow
45:57 Heavy Cavalry Archer
47:44 Chemistry
46:52 Siege Engineers
50:36 Capped Ram
52:48 Hussar
54:11 Caravan
53:55 Cavalier
58:12 Paladin
j.quintero_1988
4:23 Loom
13:38 Feudal Age
25:28 Feudal Age
28:24 Horse Collar
28:33 Double-Bit Axe
44:43 Wheelbarrow
53:54 Castle Age
59:38 Imperial Age
58:06 Fervor
58:17 Sanctity
58:30 Fletching
58:42 Murder Holes
61:41 Conscription
DogeDogOfVenice
3:23 Loom
18:34 Feudal Age
20:31 Wheelbarrow
21:14 Town Watch
23:39 Castle Age
28:55 Fishing Lines
31:04 Gillnets
34:56 Hand Cart
35:05 Double-Bit Axe
37:29 Careening
37:34 Clinker Construction
37:32 Siphons
38:06 Padded Archer Armor
38:34 Fletching
39:02 Leather Archer Armor
39:53 Chemistry
40:00 Bodkin Arrow
39:30 Elite Skirmisher
39:33 Crossbowman
44:09 Ballistics
44:39 Bow Saw
45:10 Scale Mail Armor
46:43 Horse Collar
55:34 Imperial Age
53:23 Chain Mail Armor
53:14 Scale Barding Armor
53:19 Forging
53:10 Guard Tower
53:16 Murder Holes
53:33 Town Patrol
53:47 Fortified Wall
53:47 Caravan
54:18 Coinage
54:04 Masonry
54:01 Siphons
57:07 Arbalester
57:49 Heavy Plow
58:23 Hussite Reforms
58:41 Conscription
58:39 Guilds
59:00 Banking
59:46 Fervor
59:57 Sanctity
59:37 Devotion
60:03 Illumination
59:53 Block Printing
59:39 Atonement
59:50 Redemption
60:00 Heresy
60:16 Theocracy
59:36 Herbal Medicine
60:48 Wagenburg Tactics
Connection lost

Rejoining the realm…

Still unreachable

The connection could not be restored.

Session expired

The server has moved on; the page needs a fresh start.